 Dungeon Crawl Stone Soup version 0.28.0-53-g5a82cb258f (webtiles) character file.

Game seed: 13414036879143162307

3696 SanguineChosen the Basher (level 10, -1/63 HPs)
             Began as a Gargoyle Fighter on July 19, 2022.
             Killed from afar by a steam dragon (15 damage)
             ... with a ball of steam
             ... on level 8 of the Dungeon on July 20, 2022.
             The game lasted 00:26:21 (9220 turns).

SanguineChosen the Basher (Gargoyle Fighter)        Turns: 9220, Time: 00:26:21

Health: -1/63      AC: 21    Str: 27    XL:     10   Next: 13%
Magic:  10/10      EV: 10    Int:  9    God:
Gold:   1288       SH:  5    Dex:  9    Spells: 9/9 levels left

rFire   . . .      SeeInvis .   t - +3 trident (freeze)
rCold   + . .      Faith    .   c - +0 buckler
rNeg    + . .      Spirit   .   b - +0 scale mail
rPois   ∞          Reflect  .   (no helmet)
rElec   +          Harm     .   (no cloak)
rCorr   .          Rampage  .   v - +2 pair of gloves {Str+3}
Will    +....                   p - +2 pair of boots
Stlth   ..........              (no amulet)
HPRegen 0.20/turn               f - ring of willpower
MPRegen 0.12/turn               q - ring of protection from cold

@: no status effects
A: sickness immunity, AC +7, negative energy resistance 1, electricity
resistance, torment resistance 1, petrification resistance
a: no special abilities


You were on level 8 of the Dungeon.
You visited 1 branch of the dungeon, and saw 8 of its levels.

You collected 1533 gold pieces.
You spent 245 gold pieces at shops.

Inventory:

Hand Weapons
 a - a +0 flail
 e - a +1 flail of holy wrath
 o - a +2 dagger of electrocution
 t - a +3 trident of freezing (weapon)
Missiles
 g - 18 poisoned darts (quivered)
Armour
 b - a +0 scale mail (worn)
 c - a +0 buckler (worn)
 p - a +2 pair of boots (worn)
 r - +0 steam dragon scales
 v - a +2 pair of gloves of strength (worn)
Jewellery
 f - a ring of willpower (left hand)
 l - a ring of flight
 q - a ring of protection from cold (right hand)
Wands
 j - a wand of polymorph (2)
Scrolls
 d - a scroll of identify
 m - a scroll of summoning
 s - a scroll of enchant weapon {unknown}
 u - 2 scrolls of teleportation {unknown}
Potions
 h - a potion of lignification
 k - a potion of cancellation {unknown}
 n - a potion of haste {unknown}
 x - a potion of magic {unknown}


   Skills:
 + Level 7.5 Fighting
 + Level 8.7 Maces & Flails
 * Level 3.4 Polearms
 + Level 0.1 Throwing
 + Level 7.0 Armour
 + Level 2.7 Dodging
 + Level 2.5 Stealth
 * Level 6.6 Shields


You had 9 spell levels left.
You didn't know any spells.
Your spell library contained the following spells:

 Spells                   Type           Power      Damage    Failure   Level
 Animate Skeleton         Necr           0%         N/A       71%         1
 Apportation              Tloc           0%         N/A       71%         1
 Summon Small Mammal      Summ           0%         N/A       71%         1


Dungeon Overview and Level Annotations

Branches:
Dungeon (8/15)             Temple (0/1) D:4
   Lair: D:8-11

Altars:
Gozag
Hepliaklqana
Qazlal
Wu Jian
Yredelemnul
The Shining One

Shops:
D:2 ?


Innate Abilities, Weirdness & Mutations

You are immune to sickness and miasma.
Your stone body is resilient. (AC +7)
You are immune to poison.
You resist negative energy. (rN+)
You are resistant to electric shocks. (rElec)
You are resistant to unholy torment.
You are immune to petrification.


Message History

You hit the steam dragon. You freeze the steam dragon.
The steam dragon is heavily wounded.
The steam dragon barely misses you.
The steam dragon claws you but does no damage.
You hit the two-headed ogre. You freeze the two-headed ogre.
The two-headed ogre is lightly wounded.
You hit the two-headed ogre. You freeze the two-headed ogre.
The two-headed ogre is moderately wounded.
The two-headed ogre barely misses you.
The two-headed ogre hits you but does no damage.
You puncture the two-headed ogre! You freeze the two-headed ogre.
The two-headed ogre is moderately wounded.
The two-headed ogre hits you but does no damage. x2
You hit the two-headed ogre. You freeze the two-headed ogre.
The two-headed ogre is heavily wounded.
The two-headed ogre hits you but does no damage. x2
You hit the two-headed ogre. You freeze the two-headed ogre.
The two-headed ogre is heavily wounded.
The two-headed ogre hits you with a +0 giant spiked club!
The two-headed ogre hits you but does no damage.
You hit the two-headed ogre. You freeze the two-headed ogre.
The two-headed ogre is heavily wounded.
The two-headed ogre closely misses you.
The two-headed ogre hits you with a +0 giant club!
You hit the two-headed ogre. You freeze the two-headed ogre.
The two-headed ogre is severely wounded.
You block the two-headed ogre's attack.
The two-headed ogre hits you with a +0 giant club!
* * * LOW HITPOINT WARNING * * *
Read: scroll of fear
Press: ? - help, Q - select action, (/) - cycle Dir - look around, f - activate Look: a two-headed ogre, wielding a +0 giant spiked club and a +0 giant club (severely wounded, chance to affect: 90%)
As you read the scroll of fear, it crumbles to dust.
You assume a fearsome visage.
The two-headed ogre looks frightened!
You block the steam dragon's attack. The steam dragon closely misses you.
Items here: ( ) ††.
The steam dragon breathes steam at you. The ball of steam hits you!
You die...

#.........<..#.. #.....)...
##........#..# .# ##.........
####...........###.####.......##>
............#..#..#†$##..÷...###.
......####..#..#..#..##.....###..
......# ##..#..###)###.....###...
...######...#..#.D#.##.....##....
...####...###..#§.###.....##..##.
...##...### #..#@##...........##.
...#...## #........###...#####.
...##...### #.O..........### #.
...####...###..##....)...# #.
#### ###...#.###.#.#.#### #.
###...###.....#.#)# #. ##...###
#..####)#.# ##. #...## #..# #.#.#
#.. ##...### #..# #.#.##### ##.#


You could see a two-headed ogre (fleeing) and a steam dragon (catching breath).

Vanquished Creatures
  4 yaks (D:8)
  Eustachio (D:5)
  A steam dragon (D:8)
  Duvessa (D:6)
  3 water moccasins
  3 orc warriors
  4 necrophages
  2 black bears
  An ogre (D:4)
  A centaur (D:8)
  A kobold brigand (D:8)
  2 bullfrogs (D:8)
  Blork the orc (D:6)
  3 scorpions
  Dowan (D:6)
  A water moccasin skeleton (D:3)
  A wight (D:8)
  2 centaur zombies
  A jelly (D:8)
  4 orc priests
  A hound (D:7)
  2 centaur skeletons
  3 iguanas
  12 orc wizards
  Terence (D:3)
  3 killer bee zombies
  4 adders
  A howler monkey skeleton (D:6)
  A shadow imp (D:6)
  2 white imps
  3 ufetubi
  2 adder skeletons (D:4)
  A worm (D:2)
  26 orcs
  5 bats
  7 endoplasms
  5 giant cockroaches
  5 goblins
  6 hobgoblins
  4 quokkas
  7 ball pythons
  A frilled lizard (D:1)
  15 kobolds
  7 rats
  A spectral kobold (D:6)
163 creatures vanquished.

Vanquished Creatures (others)
  An orc wizard (D:5)
1 creature vanquished.

Grand Total: 164 creatures vanquished

Notes
Turn   | Place    | Note
-------+----------+-------------------------------------------
     0 | D:1      | SanguineChosen the Gargoyle Fighter began the quest for the
                  | Orb.
     0 | D:1      | Reached XP level 1. HP: 14/14 MP: 1/1
   470 | D:1      | Reached XP level 2. HP: 19/19 MP: 2/2
  1465 | D:2      | Reached XP level 3. HP: 23/23 MP: 3/3
  1608 | D:2      | Found Bidu Kos's Magic Scroll Emporium.
  1617 | D:2      | Bought a scroll of fear for 35 gold pieces
  1617 | D:2      | Bought a scroll of identify for 20 gold pieces
  2078 | D:3      | Found an opulent altar of Gozag.
  2090 | D:3      | Reached skill level 3 in Maces & Flails
  2090 | D:3      | Reached XP level 4. HP: 28/29 MP: 4/4
  2207 | D:3      | Noticed Terence
  2221 | D:3      | Killed Terence
  2447 | D:3      | Reached XP level 5. HP: 31/33 MP: 5/5
  2871 | D:3      | Identified a scroll of acquirement
  2871 | D:3      | Acquired 1186 gold pieces
  2957 | D:2      | Bought a scroll of identify for 20 gold pieces
  2957 | D:2      | Bought a scroll of enchant armour for 75 gold pieces
  2957 | D:2      | Bought a scroll of summoning for 95 gold pieces
  3053 | D:4      | Noticed an ogre
  3066 | D:4      | Killed an ogre
  3067 | D:4      | Reached skill level 4 in Maces & Flails
  3248 | D:4      | Noticed a necrophage
  3257 | D:4      | Killed a necrophage
  3258 | D:4      | Reached XP level 6. HP: 30/39 MP: 6/6
  3611 | D:4      | Found a staircase to the Ecumenical Temple.
  4164 | D:5      | Entered Level 5 of the Dungeon
  4164 | D:5      | Noticed a necrophage
  4183 | D:4      | Reached skill level 1 in Dodging
  4374 | D:4      | Killed a necrophage
  4375 | D:4      | Reached skill level 5 in Maces & Flails
  4375 | D:4      | Reached XP level 7. HP: 42/44 MP: 7/7
  4720 | D:5      | Reached skill level 1 in Stealth
  4977 | D:5      | Reached skill level 5 in Fighting
  4977 | D:5      | Reached skill level 6 in Maces & Flails
  4977 | D:5      | Reached skill level 5 in Armour
  4982 | D:5      | Reached XP level 8. HP: 35/49 MP: 8/8
  5265 | D:5      | Noticed Eustachio
  5274 | D:5      | Killed Eustachio
  5275 | D:5      | Reached skill level 5 in Shields
  5764 | D:6      | Found a stormy altar of Qazlal.
  5772 | D:6      | Noticed Duvessa
  5772 | D:6      | Noticed Dowan
  5787 | D:6      | Killed Duvessa
  5788 | D:6      | Reached skill level 7 in Maces & Flails
  5803 | D:6      | Killed Dowan
  6022 | D:6      | Found a hazy altar of Hepliaklqana.
  6110 | D:6      | Noticed Blork the orc
  6124 | D:6      | Killed Blork the orc
  7064 | D:6      | Reached XP level 9. HP: 27/56 MP: 9/9
  7592 | D:7      | Found an ornate altar of the Wu Jian Council.
  8382 | D:8      | Found a glowing golden altar of the Shining One.
  8420 | D:8      | Found a basalt altar of Yredelemnul.
  8423 | D:8      | Noticed a profane servitor
  8478 | D:8      | Reached skill level 8 in Maces & Flails
  8751 | D:8      | Reached skill level 1 in Polearms
  8903 | D:8      | Reached XP level 10. HP: 28/63 MP: 10/10
  9201 | D:8      | Noticed a two-headed ogre
  9220 | D:8      | Killed from afar by a steam dragon

Illustrated notes

Levels and vault maps discovered:
D:1:      shiori_arrival_maze, layout_basic, wad_floor_pattern_2
D:2:      layout_basic, serial_shops, nicolae_shop_competitors_out_of_business
D:3:      layout_loops_ring, nicolae_gozag_seed_capital, uniq_terence
D:4:      layout_loops_corners, minmay_temple_entry_trees, minmay_box_of_dots
D:5:      layout_basic, uniq_eustachio
D:6:      layout_basic, nicolae_hepliaklqana_monster_ancestors,
          mainiacjoe_overflow_catwalk, hangedman_decor_lopped,
          uniq_blork_the_orc, uniq_duvessa
D:7:      layout_rooms, nzn_wu_jian_council_hall
D:8:      minmay_s_stair_smasher, layout_basic, grunt_temple_overflow_holy_war,
          serial_curves, eino_curves_04, eino_curves_03, chequers_mini_garden

Skill      XL: |  1  2  3  4  5  6  7  8  9 10 |
---------------+-------------------------------+-----
Maces & Flails | 3 4 5 6 7 8 |  8.7
Shields        | 4 5 6 |  6.6
Fighting       | 4 5 6 7 |  7.5
Armour         | 4 5 6 7 |  7.0
Dodging        | 1 2 |  2.7
Stealth        | 1 2 |  2.5
Polearms       | 2 3 |  3.4
Throwing       | |  0.1

Action                   |  1- 3 |  4- 6 |  7- 9 | 10-12 || total
-------------------------+-------+-------+-------+-------++-------
Melee: Flail             |   131 |   136 |   433 |       ||   700
       Trident           |       |       |    51 |    34 ||    85
Throw: Dart              |       |       |     2 |       ||     2
  Use: Scroll            |       |     7 |     6 |     1 ||    14
       Potion            |       |     3 |     8 |       ||    11
Armor: Scale mail        |    68 |    62 |   306 |    23 ||   459
Dodge: Dodged            |    62 |    57 |   205 |    13 ||   337
Block: Buckler           |    41 |    40 |   109 |     7 ||   197
